 Dungeon Crawl Stone Soup version 0.23.2-40-g277498a001 (webtiles) character file.

Game seed: 3108704793662901712

28 KnightHorse the Firebug (level 2, -2/19 HPs)
             Began as a Demonspawn Fire Elementalist on Sept 30, 2019.
             Slain by a gnoll
             ... wielding a +0 halberd
              (12 damage)
             ... on level 1 of the Dungeon.
             The game lasted 00:11:55 (1207 turns).

KnightHorse the Firebug (DsFE)                      Turns: 1207, Time: 00:11:55

Health: -2/19      AC:  4    Str:  8    XL:     2   Next: 96%
Magic:  0/5        EV: 12    Int: 16    God:
Gold:   28         SH:  0    Dex: 13    Spells: 2/5 levels left

rFire    . . .     SeeInvis .   i - +0 dagger
rCold    . . .     Gourm    .   (no shield)
rNeg     . . .     Faith    .   a - +0 robe
rPois    .         Spirit   .   (no helmet)
rElec    .         Reflect  .   (no cloak)
rCorr    .         Harm     .   (no gloves)
MR       .....                  (no boots)
Stlth    ++........             (no amulet)
HPRegen  0.06/turn              (no ring)
MPRegen  0.09/turn              (no ring)

@: about to teleport, very slightly contaminated
A: molten scales 1
a: no special abilities


You were on level 1 of the Dungeon.
You were not hungry.

You visited 1 branch of the dungeon, and saw 2 of its levels.

You collected 28 gold pieces.

Inventory:

Hand Weapons
 i - a +0 dagger (weapon)
Missiles
 e - 17 bolts
 f - 16 stones (quivered)
 k - 2 throwing nets
Armour
 a - a +0 robe (worn)
 j - a cursed -1 leather armour
Scrolls
 d - a scroll of teleportation
 g - a scroll of random uselessness {unknown}
 h - 2 scrolls of remove curse
 n - a scroll of magic mapping {unknown}
Comestibles
 c - a ration
 l - 4 chunks of flesh


   Skills:
 + Level 0.3 Short Blades
 + Level 0.3 Throwing
 + Level 2.0 Dodging
 + Level 1.9 Stealth
 - Level 0.3 Unarmed Combat
 + Level 2.1 Spellcasting
 * Level 1.5 Conjurations
 * Level 3.0 Fire Magic


You had 2 spell levels left.
You knew the following spells:

 Your Spells              Type           Power        Failure   Level  Hunger
a - Flame Tongue          Conj/Fire      #....        9%          1    #......
b - Throw Flame           Conj/Fire      #.....       12%         2    ###....

Your spell library contained the following spells:

 Spells                   Type           Power        Failure   Level  Hunger
 Conjure Flame            Conj/Fire      #.......     24%         3    ###....
 Inner Flame              Hex/Fire       #.......     32%         3    ###....
 Sticky Flame             Conj/Fire      #.......     63%         4    #####..
 Fireball                 Conj/Fire      #.........   92%         5    ######.


Dungeon Overview and Level Annotations

Branches:
Dungeon (2/15)

Altars:


Innate Abilities, Weirdness & Mutations

You are partially covered in molten scales. (AC +2)


Message History

Confirm with . or Enter, or press ? or * to list all spells.
Aiming: Flame Tongue (safe; 9% risk of failure)
Press: ? - help, Shift-Dir - straight line, f/p - gnoll
Aim: a gnoll, wielding a +0 halberd (moderately wounded)
The flame tongue hits the gnoll but does no damage.
The gnoll is moderately wounded.
The gnoll misses you.
You closely miss the gnoll.
The gnoll is moderately wounded.
The gnoll closely misses you.
You closely miss the gnoll.
The gnoll is moderately wounded.
As you read the scroll labeled SEXKYTOGICS, it crumbles to dust.
You feel blessed for a moment.
It was a scroll of remove curse.
The gnoll barely misses you.
As you read the scroll labeled OXZATHRILEY, it crumbles to dust.
You feel strangely unstable.
It was a scroll of teleportation.
The gnoll hits you with a +0 halberd!
Ouch! That really hurt!
You die...

.. ##.##
#..........#####..# .##
#####..###....#.#####
##..
............####..######
##. ########..#.#
##......# ## ##...###
######.#####.
######...## #.....#.
...........## #####...
#####.......# ###.
#...@...# #. #....g..#
## ##....(## #.......#
#...$...# #...)..(#
##.....## ##...##


You could see a gnoll.

Vanquished Creatures
  A dart slug (D:1)
  2 giant cockroaches (D:1)
  2 goblins (D:1)
  3 hobgoblins (D:1)
  4 jackals (D:1)
  A ball python (D:1)
  2 bats (D:1)
  2 frilled lizards (D:1)
  8 rats
25 creatures vanquished.

Notes
Turn   | Place    | Note
-------+----------+-------------------------------------------
     0 | D:1      | KnightHorse the Demonspawn Fire Elementalist began the
                  | quest for the Orb.
     0 | D:1      | Reached XP level 1. HP: 13/13 MP: 3/3
   432 | D:1      | Gained mutation: You are partially covered in molten
                  | scales. (AC +2) [demonic ancestry]
   432 | D:1      | Reached XP level 2. HP: 12/19 MP: 5/5
   554 | D:1      | Learned a level 2 spell: Throw Flame
  1078 | D:1      | Reached skill level 3 in Fire Magic
  1207 | D:1      | Slain by a gnoll

Skill      XL: |  1  2 |
---------------+-------+-----
Dodging        | 2 |  2.0
Fire Magic     | 3 |  3.0
Short Blades   | |  0.3
Throwing       | |  0.3
Stealth        | |  1.9
Unarmed Combat | |  0.3
Spellcasting   | |  2.1
Conjurations   | |  1.5

Action                   || total
-------------------------++-------
Melee: Unarmed           ||    28
       Dagger            ||    47
Throw: Stone             ||     3
 Cast: Flame Tongue      ||    25
       Throw Flame       ||     6
  Use: Scroll            ||     2
       Potion            ||     2
 Stab: Sleeping          ||     1
  Eat: Ration            ||     1
Armor: Robe              ||    31
Dodge: Dodged            ||    93
